 Dungeon Crawl Stone Soup version 0.19.5 (webtiles) character file.

25 warr10r94 the Skirmisher (level 2, -3/24 HPs)
             Began as a Demonspawn Abyssal Knight on Apr 27, 2017.
             Was a Follower of Lugonu.
             Slain by Robin
             ... wielding a +0 dagger
              (5 damage)
             ... on level 2 of the Dungeon.
             The game lasted 00:15:36 (1089 turns).

warr10r94 the Skirmisher (DsAK)                     Turns: 1089, Time: 00:15:37

Health: -3/24      AC:  3    Str:  9 (12) XL:     2   Next: 82%
Magic:  3/3        EV: 11    Int: 10 (13) God:    Lugonu [*.....]
Gold:   55         SH:  0    Dex: 11 (12) Spells: 0 memorised, 1 level left

rFire  . . .     SeeInvis .     a - +1 falchion
rCold  . . .     Gourm    .     b - +0 leather armour
rNeg   . . .     Faith    +     (no shield)
rPois  .         Spirit   .     (helmet restricted)
rElec  .         Reflect  .     (no cloak)
rCorr  .         Harm     .     (no gloves)
MR     .....                    (no boots)
Stlth  +.........               g - amulet of faith
                                (no ring)
                                (no ring)

@: no status effects
A: antennae 2, low mp 1, subdued magic 1
a: Depart the Abyss, Renounce Religion


You were on level 2 of the Dungeon.
You worshipped Lugonu.
Lugonu was aware of your devotion.
You were not hungry.

You visited 1 branch of the dungeon, and saw 2 of its levels.
You visited the Abyss 1 time.

You collected 55 gold pieces.

Inventory:

Hand Weapons
 a - a +1 falchion (weapon)
Missiles
 c - 22 arrows
 e - 8 stones (quivered)
 f - 12 poisoned needles
Armour
 b - a +0 leather armour (worn)
Jewellery
 g - an amulet of faith (around neck)
Scrolls
 d - a scroll of blinking


   Skills:
 + Level 3.6 Fighting
 + Level 2.0 Long Blades
 + Level 2.0 Armour
 + Level 1.0 Dodging
 + Level 2.7 Invocations


You had one spell level left.
You didn't know any spells.

Dungeon Overview and Level Annotations

Branches:
Dungeon (2/15)

Altars:

Annotations:
D:2 Robin


Innate Abilities, Weirdness & Mutations

You have a pair of antennae on your head.
Your magical capacity is low. (-10% MP)
Your spells are a little easier to cast, but a little less powerful.


Message History

You barely miss Robin.
Robin is lightly wounded.
Robin closely misses you. Robin hits you with a dagger.
* * * LOW HITPOINT WARNING * * *
You hit Robin.
Robin is moderately wounded.
Robin closely misses you. Robin hits you but does no damage.
You hit Robin.
Robin is moderately wounded.
Robin hits you with a dagger.
* * * LOW HITPOINT WARNING * * *
Robin closely misses you.
Things that are here:
a dagger of speed; a goblin corpse Robin rages.
Robin closely misses you.
You riposte.
You hit Robin but do no damage.
Robin is moderately wounded.
Robin rages.
Robin hits you with a dagger.
You die... ......... ....... ?.... ggg

#g# #g# #)#
######g###
#......@.#
#.##.....#
##....# ##<#.#
..............#
##.######.#####
.# .#


You could see Robin (berserk), 3 hobgoblins and a goblin.

Vanquished Creatures
  An ooze (D:1)
  A leopard gecko (D:1)
  2 bats (D:1)
  A giant cockroach (D:1)
  3 goblins (D:2)
  6 hobgoblins
  A frilled lizard (D:1)
  A kobold (D:1)
  A rat (D:1)
17 creatures vanquished.

Notes
Turn   | Place    | Note
-------+----------+-------------------------------------------
     0 | Abyss:1  | warr10r94 the Demonspawn Abyssal Knight began the quest for the Orb.
     0 | Abyss:1  | Reached XP level 1. HP: 18/18 MP: 2/2
    95 | Abyss:1  | Found a corrupted altar of Lugonu.
   189 | D:1      | Escaped the Abyss
   483 | D:1      | Gained mutation: Your spells are a little easier to cast, but a little less powerful. [potion of mutation]
   483 | D:1      | Gained mutation: You have a pair of small antennae on your head. [potion of mutation]
   483 | D:1      | Gained mutation: Your magical capacity is low. (-10% MP) [potion of mutation]
   607 | D:1      | Gained mutation: You have a pair of antennae on your head. [demonic ancestry]
   607 | D:1      | Reached XP level 2. HP: 14/24 MP: 3/3
   666 | D:1      | Reached * piety under Lugonu
  1062 | D:2      | Noticed Robin
  1078 | D:2      | Reached skill level 1 in Dodging
  1085 | D:2      | HP: 1/24 [Robin/dagger (5)]
  1089 | D:2      | Slain by Robin

Skill      XL: |  1  2 |
---------------+-------+-----
Long Blades    | 2 |  2.0
Armour         | 2 |  2.0
Dodging        | 1 |  1.0
Fighting       | |  3.6
Invocations    | |  2.7

Action                   || total
-------------------------++-------
Melee: Falchion          ||    48
Invok: Depart the Abyss  ||     1
  Use: Potion            ||     2
       Scroll            ||     2
  Eat: Bread ration      ||     1
Armor: Leather armour    ||    14
Dodge: Dodged            ||    29
       Rpst.: Falchion   ||     5
